 Dungeon Crawl Stone Soup version 0.31-a0-152-g6aa68a64a1 (webtiles) character file.

Game seed: 15464540263167741399

543 qw the Shooter (level 7, -8/64 HPs)
             Began as a Naga Hunter on June 10, 2023.
             Was a Follower of Okawaru.
             Mangled by Menkaure (10 damage)
             ... on level 5 of the Dungeon.
             The game lasted 00:01:14 (2824 turns).

qw the Shooter (Naga Hunter)                        Turns: 2824, Time: 00:01:15

Health: -8/64      AC:  9    Str: 20    XL:     7   Next: 27%
Magic:  7/8        EV: 13    Int:  9    God:    Okawaru [*.....]
Gold:   151        SH:  0    Dex: 16    Spells: 6/6 levels left

rFire   . . .        Y - +1 shortbow
rCold   . . .        (shield currently unavailable)
rNeg    . . .        c - +0 leather armour
rPois   +            (no helmet)
rElec   .            (no cloak)
rCorr   .            f - +0 pair of gloves
SInv    +            (no barding)
Will    .....        (no amulet)
Stlth   +++          g - +6 ring of strength
HPRegen 0.30/turn    b - +4 ring of protection
MPRegen 0.11/turn

%: no passive effects
@: about to teleport, heroic, very slow
A: AC +2, large, see invisible, deformed body, poison resistance, slowness 2,
spit poison 1, naga tail 1
a: Spit Poison, Renounce Religion, Heroism


You were on level 5 of the Dungeon.
You worshipped Okawaru.
Okawaru was aware of your devotion.
You visited 1 branch of the dungeon, and saw 5 of its levels.

You collected 241 gold pieces.
You spent 90 gold pieces at shops.


Innate Abilities, Weirdness & Mutations

Your serpentine skin is tough. (AC +2)
You have supernaturally acute eyesight. (SInv)
Armour fits poorly on your strangely shaped body.
Your system is resistant to poisons. (rPois)
You cover ground very slowly.
You can spit poison.
You have a snake-like lower body.


   Skills:
 - Level 4.1(9.1) Fighting
 + Level 6.4(11.4) Ranged Weapons
 - Level 2.1(7.1) Dodging
 - Level 1.5(6.5) Stealth
 + Level 2.2 Invocations


You had 6 spell levels left.
You didn't know any spells.
Your spell library was empty.

Inventory:

Hand Weapons
 a - a +1 sling of flaming
 Y - a +1 shortbow (weapon)
Armour
 c - a +0 leather armour (worn)
 f - a +0 pair of gloves (worn)
Jewellery
 b - a +4 ring of protection (right hand)
 g - a +6 ring of strength (left hand)
Scrolls
 h - a scroll of teleportation
Potions
 e - 2 potions of curing
 k - a potion of cancellation

Dungeon Overview and Level Annotations

Branches:
Dungeon (5/15)
 Temple: D:4-7

Altars:
Gozag
Okawaru
Qazlal
Zin

Shops:
D:4 *

Annotations:
D:4 3 runed translucent doors, qw's ghost, amateur MiHu
D:5 Menkaure


Message History

Enter note:
Enter note:
Enter note:
Enter note:
2814 ||| INVOKING Heroism.
You gain the combat prowess of a mighty hero.
Menkaure casts a spell.
Menkaure seems to speed up.
You shoot an arrow.
The arrow hits Menkaure but does no damage.
You shoot an arrow. The arrow hits Menkaure!
Menkaure is heavily damaged.
You shoot an arrow.
The arrow hits Menkaure but does no damage.
Menkaure is heavily damaged.
Menkaure points at you and mumbles some strange words.
You resist with significant effort.
You shoot an arrow. The arrow barely misses Menkaure.
Menkaure gestures at you while chanting.
Pain shoots through your body!
You shoot an arrow. The arrow barely misses Menkaure.
Menkaure calls on the powers of darkness!
Your body is wracked with pain!
You shoot an arrow.
The arrow hits Menkaure but does no damage.
Menkaure is heavily damaged.
You shoot an arrow. The arrow hits Menkaure.
Menkaure is heavily damaged.
Menkaure calls on the powers of darkness!
Your body is wracked with pain!
2822 ||| READING 2 scrolls of teleportation.
As you read the scroll of teleportation, it crumbles to dust.
You feel strangely unstable.
You shoot an arrow. The arrow hits Menkaure.
Menkaure is severely damaged.
Menkaure hits you!
You shoot an arrow. The arrow hits Menkaure.
Menkaure is almost destroyed.
Menkaure hits you!
You die...

..# #~~#.#.#...# #...###.####.#
....#~~#.#.#...# #...# #...##.#
.....~~..#.#...# #...# ###<.#..
#+#~~~~~##.#...# #...# ##....
.....~~....#...# #...#######..#
##...~~~~###...# #..........#..
....~.~........# ........#..
.....~~~.......####..........##.
#....~~.~###.##@.............'..
#...~~.~~# #.##M###..........###
#..~.~~.~# #..... #########
.~..~~.~# #...... ..~.~~.~#
#....... ~~.~~.~ #........
.........# ..........#


You could see Menkaure (fast).

Vanquished Creatures
  A water moccasin (D:4)
  An ogre (D:4)
  2 phantoms
  A jelly (D:5)
  An iguana (D:5)
  9 adders
  2 worms
  2 dart slugs
  6 orcs
  3 ball pythons
  6 endoplasms
  A giant cockroach (D:2)
  8 goblins
  6 hobgoblins
  5 kobolds
  3 quokkas
  2 bats (D:2)
  A frilled lizard (D:1)
  2 rats
62 creatures vanquished.

Notes
Turn   | Place    | Note
-------+----------+-------------------------------------------
     0 | D:1      | qw the Naga Hunter began the quest for the Orb.
     0 | D:1      | Reached XP level 1. HP: 19/19 MP: 1/1
     0 | D:1      | 0 ||| qw: Version: 0.2-a-123-gb51047a
     0 | D:1      | 0 ||| qw: Game counter: 3716
     0 | D:1      | 0 ||| qw: Always use a shield: true
     0 | D:1      | 0 ||| qw: God list: Okawaru
     0 | D:1      | 0 ||| qw: Allow faded altars: false
     0 | D:1      | 0 ||| qw: Do Orc after D:15 true
     0 | D:1      | 0 ||| qw: Do second Lair branch before Depths: true
     0 | D:1      | 0 ||| qw: Lair rune preference: random
     0 | D:1      | 0 ||| qw: Plans: Normal
     0 | D:1      | 0 ||| PLANNING D:1-11
    32 | D:1      | 32 ||| INVOKING Spit Poison.
   181 | D:1      | 181 ||| INVOKING Spit Poison.
   201 | D:1      | Reached skill level 4 in Ranged Weapons
   201 | D:1      | Reached XP level 2. HP: 26/26 MP: 2/2
   233 | D:1      | 233 ||| INVOKING Spit Poison.
   434 | D:1      | 434 ||| INVOKING Spit Poison.
   489 | D:1      | 489 ||| INVOKING Spit Poison.
   492 | D:1      | 492 ||| UPGRADING to +6 ring of strength.
   496 | D:1      | 496 ||| INVOKING Spit Poison.
   619 | D:1      | 619 ||| UPGRADING to amulet of guardian spirit.
   624 | D:1      | 624 ||| READING scroll labelled ROFIFALOUX.
   625 | D:1      | 625 ||| READING scroll labelled AVACRA KEHIHY.
   626 | D:1      | 626 ||| READING scroll labelled ZUOQOX DIQE.
   631 | D:1      | 631 ||| DRINKING 2 puce potions.
   632 | D:1      | 632 ||| DROPPING scroll of butterflies.
   633 | D:1      | 633 ||| DROPPING potion of degeneration.
   642 | D:2      | 642 ||| INVOKING Spit Poison.
   731 | D:2      | Found an iron altar of Okawaru.
   732 | D:2      | 732 ||| PLANNING OKAWARU WORSHIP
   732 | D:2      | 732 ||| READING scroll labelled LIRCHU OTAATEO.
   741 | D:2      | 741 ||| INVOKING Spit Poison.
   749 | D:2      | Became a worshipper of Warmaster Okawaru
   749 | D:2      | 749 ||| PLANNING D:1-11
   750 | D:2      | 750 ||| REMOVING amulet of guardian spirit.
   752 | D:2      | 752 ||| REMOVING amulet of guardian spirit.
   760 | D:2      | 760 ||| INVOKING Spit Poison.
   765 | D:2      | 765 ||| INVOKING Spit Poison.
   804 | D:2      | 804 ||| INVOKING Spit Poison.
   805 | D:2      | Reached XP level 3. HP: 32/32 MP: 3/3
   825 | D:2      | 825 ||| INVOKING Spit Poison.
   830 | D:2      | 830 ||| INVOKING Spit Poison.
   887 | D:2      | 887 ||| INVOKING Spit Poison.
   893 | D:2      | 893 ||| INVOKING Spit Poison.
   896 | D:2      | 896 ||| FLEEEEING.
   898 | D:2      | 898 ||| STAIRDANCE
   922 | D:1      | 922 ||| DROPPING amulet of guardian spirit.
   923 | D:1      | 923 ||| UPGRADING to +4 ring of protection.
   924 | D:1      | 924 ||| READING 4 scrolls labelled HOKKEOH GEEFO.
   925 | D:1      | 925 ||| DROPPING 3 scrolls of fear.
   948 | D:2      | 948 ||| INVOKING Spit Poison.
   954 | D:2      | 954 ||| INVOKING Spit Poison.
   975 | D:2      | 975 ||| INVOKING Spit Poison.
  1080 | D:2      | 1080 ||| INVOKING Spit Poison.
  1083 | D:2      | 1083 ||| INVOKING Spit Poison.
  1085 | D:2      | Reached skill level 5 in Ranged Weapons
  1085 | D:2      | Reached XP level 4. HP: 39/39 MP: 4/4
  1088 | D:2      | 1088 ||| INVOKING Spit Poison.
  1133 | D:2      | Found a faded altar of an unknown god.
  1136 | D:2      | 1136 ||| INVOKING Spit Poison.
  1244 | D:2      | 1244 ||| READING 2 scrolls labelled XYKYECI YTUROL.
  1245 | D:2      | 1245 ||| READING scroll labelled NAGETW VUMELIT.
  1346 | D:2      | 1346 ||| DROPPING scroll of blinking.
  1458 | D:3      | Identified the +3 dagger of Terrible Prudence {flame, *Rage
                  | Dex+4}
  1490 | D:3      | 1490 ||| INVOKING Spit Poison.
  1528 | D:3      | 1528 ||| INVOKING Spit Poison.
  1587 | D:3      | 1587 ||| INVOKING Spit Poison.
  1684 | D:3      | 1684 ||| INVOKING Spit Poison.
  1724 | D:3      | Noticed a water elemental
  1725 | D:3      | Found a stormy altar of Qazlal.
  1727 | D:3      | Noticed an air elemental
  1728 | D:3      | Noticed an earth elemental
  1728 | D:3      | Noticed a fire elemental
  1790 | D:3      | 1790 ||| UPGRADING to +0 pair of gloves.
  1795 | D:3      | 1795 ||| DROPPING +6 ring of intelligence.
  1847 | D:4      | 1847 ||| INVOKING Spit Poison.
  1849 | D:4      | Reached skill level 3 in Fighting
  1851 | D:4      | 1851 ||| INVOKING Spit Poison.
  1873 | D:4      | 1873 ||| INVOKING Spit Poison.
  1892 | D:4      | 1892 ||| INVOKING Spit Poison.
  1895 | D:4      | 1895 ||| INVOKING Spit Poison.
  1898 | D:4      | 1898 ||| INVOKING Spit Poison.
  1905 | D:4      | 1905 ||| INVOKING Spit Poison.
  1915 | D:4      | Noticed a phantom
  1928 | D:4      | Found an opulent altar of Gozag.
  1930 | D:4      | Killed a phantom
  1931 | D:4      | Reached XP level 5. HP: 41/49 MP: 5/5
  1963 | D:4      | Found Gozag's Platinum Reserve.
  1971 | D:4      | 1971 ||| SHOPLISTING +1 sling "Xiplel" {elec, rF++ rCorr
                  | Int-2 Stlth-} (3320 gold, have 166).
  1971 | D:4      | 1971 ||| SHOPLISTING ring of Mistrust {Fly rN+ Will- Dex+8}
                  | (4170 gold, have 166).
  2020 | D:4      | Noticed an ogre
  2021 | D:4      | 2021 ||| INVOKING Spit Poison.
  2025 | D:4      | 2025 ||| INVOKING Spit Poison.
  2027 | D:4      | Killed an ogre
  2027 | D:4      | Reached * piety under Okawaru
  2028 | D:4      | Reached skill level 6 in Ranged Weapons
  2028 | D:4      | Reached XP level 6. HP: 48/56 MP: 6/6
  2155 | D:4      | 2155 ||| INVOKING Spit Poison.
  2185 | D:4      | 2185 ||| INVOKING Spit Poison.
  2228 | D:4      | 2228 ||| INVOKING Spit Poison.
  2335 | D:4      | 2335 ||| INVOKING Spit Poison.
  2339 | D:4      | 2339 ||| INVOKING Spit Poison.
  2382 | D:4      | 2382 ||| INVOKING Spit Poison.
  2386 | D:4      | Found a runed translucent gate.
  2386 | D:4      | Found a runed translucent gate.
  2386 | D:4      | Found a runed translucent gate.
  2386 | D:4      | Noticed qw's ghost (amateur MiHu)
  2436 | D:4      | 2436 ||| READING scroll labelled JUETIT WUYFUMORCH.
  2437 | D:4      | 2437 ||| READING scroll labelled FOUKOCS RULOTH.
  2438 | D:4      | 2438 ||| DRINKING 2 purple potions.
  2455 | D:4      | 2455 ||| DRINKING 2 clear potions.
  2456 | D:4      | 2456 ||| DRINKING 2 bubbling yellow potions.
  2457 | D:4      | 2457 ||| DRINKING 2 blue potions.
  2458 | D:4      | 2458 ||| DROPPING potion of lignification.
  2459 | D:4      | 2459 ||| DROPPING potion of brilliance.
  2485 | D:5      | Entered Level 5 of the Dungeon
  2485 | D:5      | Noticed a water moccasin
  2485 | D:5      | Found Zin's Purification Station.
  2485 | D:5      | Found a glowing silver altar of Zin.
  2488 | D:5      | 2488 ||| STAIRDANCE
  2490 | D:4      | 2490 ||| INVOKING Heroism.
  2504 | D:4      | 2504 ||| INVOKING Heroism.
  2510 | D:4      | Killed a water moccasin
  2635 | D:5      | 2635 ||| BUYING potion of curing (90 gold).
  2635 | D:5      | Bought a potion of curing for 90 gold pieces
  2642 | D:5      | 2642 ||| INVOKING Heroism.
  2648 | D:5      | Reached skill level 1 in Invocations
  2648 | D:5      | Reached XP level 7. HP: 64/64 MP: 4/7
  2721 | D:5      | 2721 ||| INVOKING Spit Poison.
  2725 | D:5      | 2725 ||| INVOKING Spit Poison.
  2771 | D:5      | 2771 ||| INVOKING Spit Poison.
  2813 | D:5      | Noticed Menkaure
  2814 | D:5      | 2814 ||| INVOKING Heroism.
  2821 | D:5      | HP: 15/64 [??? (12)]
  2822 | D:5      | 2822 ||| READING 2 scrolls of teleportation.
  2823 | D:5      | HP: 2/64 [Menkaure (14)]
  2824 | D:5      | Mangled by Menkaure

Levels and vault maps discovered:
D:1:      dpeg_arrival_refuge, layout_rooms, serial_glass, glass_columns_c,
          glass_columns_a, glass_columns_b, glass_columns_a, glass_columns_a,
          glass_columns_c, glass_columns_b, glass_columns_b, glass_columns_b,
          glass_columns_b, due_unseen_surprise, feat_on_display,
          minmay_strange_pillars, minmay_misc_feat_tower,
          wander_ebering_terrifying_dragon_lair
D:2:      layout_rooms, basic_altar, shapermc_ecumenical_altar_venn
D:3:      layout_basic, nicolae_qazlal_style_of_elements
D:4:      layout_rooms, nicolae_gozag_zags_fifth_avenue,
          ebering_ghost_rock_garden, kennysheep_generic_room_16
D:5:      layout_basic, zin_purify, chequers_serial_rivers_small_3,
          guppyfry_early_orc_mine, uniq_grinder, uniq_crazy_yiuf_cottage,
          uniq_menkaure

Skill      XL: |  1  2  3  4  5  6  7 |
---------------+----------------------+-----
Ranged Weapons | 4 5 6 |  6.4
Fighting       | 3 4 |  4.1
Invocations    | 1 2 |  2.2
Dodging        | 2 |  2.1
Stealth        | |  1.5

Action                     |  1- 3 |  4- 6 |  7- 9 || total
---------------------------+-------+-------+-------++-------
   Fire: Shortbow          |    72 |   113 |    24 ||   209
 Invoke: Heroism           |       |     3 |     1 ||     4
Ability: Spit Poison       |    20 |    21 |     3 ||    44
    Use: Scroll            |     5 |     4 |     1 ||    10
         Potion            |     1 |     4 |       ||     5
 Armour: Leather armour    |     5 |    21 |     3 ||    29
  Dodge: Dodged            |    11 |    29 |     5 ||    45

Table legend:
 A = Non-vault XP
 B = Vault XP
 C = Vault XP percentage of total XP
 D = Non-vault monster count
 E = Vault monster count
 F = Vault count percentage of total count
                 A         B        C        D         E       F
            +---------+---------+-------+---------+---------+-------
      Total |     776 |       1 |   0.1 |      61 |       1 |   1.6
            +---------+---------+-------+---------+---------+-------
        D:1 |      21 |       1 |   4.5 |      10 |       1 |   9.1
        D:2 |      87 |       0 |   0.0 |      20 |       0 |   0.0
        D:3 |      29 |       0 |   0.0 |       9 |       0 |   0.0
        D:4 |     447 |       0 |   0.0 |      18 |       0 |   0.0
        D:5 |     192 |       0 |   0.0 |       4 |       0 |   0.0
            +---------+---------+-------+---------+---------+-------
